 Dungeon Crawl Stone Soup version 0.27-a0-836-gfc908b8576 (webtiles) character file.

Game seed: 7654458884538047107

11 Alarkh the Skirmisher (level 2, 24/24 HPs)
             Began as a Demonspawn Monk on Apr 1, 2021.
             Got out of the dungeon alive.
             The game lasted 00:00:49 (281 turns).

Alarkh the Skirmisher (Demonspawn Monk)              Turns: 281, Time: 00:00:50

Health: 24/24      AC:  5    Str: 11    XL:     2   Next: 13%
Magic:  2/2        EV: 12    Int: 11    God:
Gold:   20         SH:  0    Dex: 15    Spells: 1/1 levels left

rFire    . . .     SeeInvis .     - Unarmed
rCold    . . .     Faith    .   (no shield)
rNeg     . . .     Spirit   .   a - +0 robe
rPois    .         Reflect  .   (no helmet)
rElec    .         Harm     .   (no cloak)
rCorr    .         Rampage  .   (no gloves)
Will     .....                  c - +0 pair of boots
Stlth    ++........             (no amulet)
HPRegen  0.08/turn              (no ring)
MPRegen  0.08/turn              (no ring)

@: no status effects
A: icy blue scales 1
a: no special abilities


You escaped.
You visited 1 branch of the dungeon, and saw 1 of its levels.

You collected 20 gold pieces.

Inventory:

Armour
 a - a +0 robe (worn)
 c - a +0 pair of boots (worn)
Scrolls
 b - 2 scrolls of teleportation {unknown}


   Skills:
 + Level 3.2 Fighting
 - Level 2.6 Dodging
 - Level 1.7 Stealth
 * Level 3.1 Unarmed Combat


You had one spell level left.
You didn't know any spells.
Your spell library was empty.

Dungeon Overview and Level Annotations

Branches:
Dungeon (1/15)

Altars:

Shops:
D:1 [


Innate Abilities, Weirdness & Mutations

You are partially covered in icy blue scales. (AC +2)


Message History

You hit the kobold.
The kobold is heavily wounded.
The kobold barely misses you.
You hit the kobold.
You kill the kobold!
You have reached level 2!
Your demonic ancestry asserts itself...
Icy blue scales grow over part of your body.
Things that are here:
a +0 dagger; a kobold corpse A goblin comes into view.
It is wielding a +0 club.
A goblin is nearby!
A goblin is nearby!
An endoplasm comes into view.
Found a scroll labelled RUECHERUDA.
The helpless goblin fails to defend itself.
You hit the goblin.
You kill the goblin!
The endoplasm quivers.
Found a scroll labelled PIXKISESEGG.
You hit the endoplasm but do no damage. The endoplasm closely misses you.
You barely miss the endoplasm. The endoplasm barely misses you.
You barely miss the endoplasm. The endoplasm barely misses you.
You barely miss the endoplasm. The endoplasm hits you.
You completely miss the endoplasm. The endoplasm freezes you.
You are frozen.
You hit the endoplasm.
You kill the endoplasm!
No target in view!
No target in view!
No target in view!
No target in view!
Things that are here:
a +0 club; a goblin skeleton The black mamba hisses angrily.
The komodo dragon hisses angrily.
You see here a +0 buckler.
There is a staircase leading out of the dungeon here.
Are you sure you want to leave the Dungeon?
This will make you lose the game!
You have escaped!

#....).............
#..........######..
########....# #..
##########.. .....
#..##..
.8.8.####.####
.....###...##
###......8##..#...
#@#..###..##.....#
#.#..#l#...#......
#.#..#S#..8###.#.#
#.#..#s#...).#.#.#
#.#..#l#..8#.#.#.#
#.#..#h#...#...#..
#[#..###..####....
#........8##......
#.........##......


There were no monsters in sight!

Vanquished Creatures
  A dart slug (D:1)
  2 ball pythons (D:1)
  2 endoplasms (D:1)
  A kobold (D:1)
  2 goblins (D:1)
8 creatures vanquished.

Notes
Turn   | Place    | Note
-------+----------+-------------------------------------------
     0 | D:1      | Alarkh the Demonspawn Monk began the quest for the Orb.
     0 | D:1      | Reached XP level 1. HP: 18/18 MP: 1/1
     6 | D:1      | Noticed a redback
     6 | D:1      | Noticed a komodo dragon
     6 | D:1      | Noticed a wolf
     7 | D:1      | Noticed a wyvern
     7 | D:1      | Noticed a black mamba
    96 | D:1      | Found Tuyb Ota's Antique Armour Emporium.
   186 | D:1      | Gained mutation: You are partially covered in icy blue
                  | scales. (AC +2) [demonic ancestry]
   186 | D:1      | Reached XP level 2. HP: 20/24 MP: 2/2
   281 | D:$      | Got out of the dungeon alive.

Illustrated notes

Levels and vault maps discovered:
D:1:      onia_arrival_zoo_common, layout_rooms, serial_shops,
          nicolae_shop_statue_plus, shop, nicolae_shop_trees,
          nicolae_shop_trees, minmay_tetromino_t4

Skill      XL: |  1 |
---------------+----+-----
Unarmed Combat | 3 |  3.1
Fighting       | |  3.2
Dodging        | |  2.6
Stealth        | |  1.7

Action                   || total
-------------------------++-------
Melee: Unarmed           ||    18
       Punch             ||     1
 Stab: Sleeping          ||     2
Armor: Robe              ||     2
Dodge: Dodged            ||     9

Table legend: (Time is in decaauts)
 A = Elapsed time spent in this place.
 B = Non-inter-level travel time spent in this place.
 C = Inter-level travel time spent in this place.
 D = Time resting spent in this place.
 E = Time spent auto-exploring this place.
 F = Levels seen in this place.
 G = Mean time per level.
                   A        B        C        D        E       F      G
               +--------+--------+--------+--------+--------+-----+--------+
         Total |    280 |    245 |     35 |      0 |    186 |   1 |  280.0 |
       Dungeon |    280 |    245 |     35 |      0 |    186 |   1 |  280.0 |
               +--------+--------+--------+--------+--------+-----+--------+

Top non-repeatable levels by time:
     D:1: 280 daAuts
